 Dungeon Sprint DCSS version 0.29.1-12-g30fa7ad0bf (webtiles) character file.

Game seed: 6160025870893219933

207 boopmooplesden the Fighter (level 5, -1/57 HPs)
             Began as a Minotaur Berserker on Dec 19, 2022.
             Was a Priest of Trog.
             Slain by an iguana (10 damage)
             ... in the Dungeon (Sprint IX: "|||||||||||||||||||||||||||||").
             The game lasted 00:00:14 (317 turns).

boopmooplesden the Fighter (Minotaur Berserker)      Turns: 317, Time: 00:00:14

Health: -1/57      AC:  2    Str: 21    XL:     5   Next: 54%
Magic:  4/4        EV: 13    Int:  4    God:    Trog [***...]
Gold:   0          SH:  0    Dex: 12    Spells: 4/4 levels left

rFire   . . .      SeeInvis .   a - +0 falchion
rCold   . . .      Faith    .   (no shield)
rNeg    . . .      Spirit   .   b - +0 animal skin
rPois   .          Reflect  .   (helmet restricted)
rElec   .          Harm     .   (no cloak)
rCorr   .          Rampage  .   (no gloves)
Will    .....      NoTele   +   (no boots)
Stlth   +.........              (no amulet)
HPRegen 0.19/turn               (no ring)
MPRegen 0.09/turn               (no ring)

@: on berserk cooldown, slowed, very slow
A: horns 2, retaliatory headbutt
a: Renounce Religion, Berserk, Trog's Hand


You were in the Dungeon.
You worshipped Trog.
Trog was most pleased with you.
You visited 1 branch

Inventory:

Hand Weapons
 a - a +0 falchion (weapon)
Armour
 b - a +0 animal skin (worn)
Scrolls
 h - a scroll of blinking
Potions
 c - a potion of curing
 d - a potion of heal wounds
 e - a potion of haste
 f - 2 potions of magic
 g - a potion of berserk rage


   Skills:
 + Level 9.5 Fighting
 + Level 9.1 Long Blades
 + Level 5.0 Armour
 + Level 4.9 Dodging


You had 4 spell levels left.
You didn't know any spells.
Your spell library was empty.

Dungeon Overview and Level Annotations

Branches:
Dungeon (1/1)

Altars:


Innate Abilities, Weirdness & Mutations

You have a pair of horns on your head.
You reflexively headbutt those who attack you in melee.


Message History

You headbutt the hound!!
You kill the hound!
Trog accepts your kill.
Your Fighting skill increases to level 8!
Your Long Blades skill increases to level 8!
Your Dodging skill increases to level 4!
There is an open door, spattered with blood here.
Things that are here:
a +0 giant spiked club; a hound corpse; an ogre corpse You hit the phantom.
You headbutt the phantom!
The phantom is heavily damaged.
The phantom closely misses you.
You slash the phantom!
The phantom is severely damaged.
The phantom closely misses you.
You slash the phantom!
You destroy the phantom!
Trog accepts your kill.
Your Fighting skill increases to level 9!
Your Long Blades skill increases to level 9!
Your Armour skill increases to level 5!
You have reached level 5!
The iguana misses you.
You slash the iguana!
The iguana is heavily wounded.
You are no longer berserk.
You are exhausted.
You feel yourself slow down. The iguana bites you.
* * * LOW HITPOINT WARNING * * *
You hit the iguana but do no damage.
The iguana is heavily wounded.
The iguana bites you.
* * * LOW HITPOINT WARNING * * *
You barely miss the iguana.
The iguana is heavily wounded.
The iguana closely misses you.
You barely miss the iguana.
The iguana is heavily wounded.
The iguana bites you!
You die... ▓▓▓▓▓▓▓▓▓▓▓▓▓▓▓▓▓▓ ▓<...'))...)@l...+ ▓▓▓▓▓▓▓▓▓▓▓▓▓▓▓▓▓▓

You could see an iguana.

Vanquished Creatures
  An ogre (D)
  A phantom (D)
  A hound (D)
  An adder (D)
  A bat (D)
  An endoplasm (D)
  A goblin (D)
  2 kobolds (D)
9 creatures vanquished.

Notes
Turn   | Place    | Note
-------+----------+-------------------------------------------
     0 | D        | boopmooplesden the Minotaur Berserker began the quest for
                  | the Orb.
     0 | D        | Reached XP level 1. HP: 19/19 MP: 0/0
     8 | D        | Reached ** piety under Trog
   302 | D        | Noticed an ogre
   302 | D        | Noticed a hound
   302 | D        | Noticed a phantom
   302 | D        | Noticed an iguana
   306 | D        | Killed an ogre
   307 | D        | Reached XP level 2. HP: 12/34 MP: 1/1
   307 | D        | Reached XP level 3. HP: 14/39 MP: 2/2
   307 | D        | Reached XP level 4. HP: 17/47 MP: 3/3
   307 | D        | Reached *** piety under Trog
   312 | D        | Killed a phantom
   313 | D        | Reached skill level 5 in Armour
   313 | D        | Reached XP level 5. HP: 22/57 MP: 4/4
   317 | D        | Slain by an iguana

Illustrated notes

Levels and vault maps discovered:
D:        linesprint [early_d, line_temple, items_1, d_10, items_2, lair_1,
          lair_end, items_3, orc_1, orc_end, items_4, d_15, swamp_1, shoals_1,
          snake_1, spider_1, d_20, vaults_1, items_5, swamp_end, shoals_end,
          snake_end, spider_end, vaults_end, d_27, items_6, zot_1, zot_end,
          crypt_end, forest_end, elf_end, slime_end, tomb_end, abyss_end,
          pan_hell_end]

Skill      XL: |  1  2  3  4 |
---------------+-------------+-----
Fighting       | 7 9 |  9.5
Long Blades    | 7 9 |  9.1
Armour         | 4 5 |  5.0
Dodging        | 3 4 |  4.9

Action                   |  1- 3 |  4- 6 || total
-------------------------+-------+-------++-------
Melee: Falchion          |    14 |     9 ||    23
       Headbutt          |     4 |     2 ||     6
Invok: Berserk           |     1 |       ||     1
Armor: Animal skin       |     2 |       ||     2
Dodge: Dodged            |     5 |     5 ||    10
